 Dungeon Crawl Stone Soup version 0.19-a0-450-g98b348d (webtiles) character file.

315 Duffy the Shield-Bearer (level 6, 0/47 HPs)
             Began as a Formicid Fighter on June 1, 2016.
             Slain by Crazy Yiuf
             ... wielding a +2 quarterstaff of chaos
              (4 damage)
             ... on level 3 of the Dungeon.
             The game lasted 00:02:38 (2512 turns).

Duffy the Shield-Bearer (Formicid Fighter)          Turns: 2512, Time: 00:02:39

Health: 0/47       AC: 10    Str: 20    XL:     6   Next: 72%
Magic:  6/6        EV:  6    Int:  8    God:
Gold:   158        SH: 10    Dex: 12    Spells: 0 memorised, 5 levels left

rFire  . . .     SeeInvis +     a - +0 long sword
rCold  . . .     Gourm    .     x - +0 chain mail
rNeg   . . .     Faith    .     c - +0 shield
rPois  .         Spirit   .     (helmet unavailable)
rElec  .         Dismiss  .     v - +0 cloak
rCorr  .         Reflect  .     (no gloves)
SustAt .         Harm     .     (no boots)
MR     .....                    (no amulet)
Stlth  ..........               (no ring)
                                (no ring)

@: lethally poisoned (0 -> -3), not resistant to hostile enchantments, extremely
unstealthy
A: permanent stasis, dig shafts and tunnels, four strong arms, antennae 3
a: Dig, Shaft Self


You were on level 3 of the Dungeon.
You were not hungry.

You visited 1 branch of the dungeon, and saw 3 of its levels.

You collected 158 gold pieces.


Innate Abilities, Weirdness & Mutations

You are under a permanent stasis effect.
You can dig through walls and to a lower floor.
Your four strong arms can wield two-handed weapons with a shield.
You have a pair of large antennae on your head. (SInv)


   Skills:
 - Level 3.2 Fighting
 + Level 4.8 Long Blades
 - Level 3.2 Armour
 + Level 6.4 Shields


You had 5 spell levels left.
You didn't know any spells.

Inventory:

Hand Weapons
 a - a +0 long sword (weapon)
Armour
 b - a +0 scale mail
 c - a +0 shield (worn)
 v - a +0 cloak (worn)
 x - a +0 chain mail (worn)
Jewellery
 s - a cursed amulet of inaccuracy {unknown}
Scrolls
 e - 5 scrolls of identify {unknown}
 g - a scroll of recharging {unknown}
 h - 2 scrolls of teleportation {unknown}
 i - a scroll of noise {unknown}
 k - a scroll of magic mapping {unknown}
 o - a scroll of fog {unknown}
 p - a scroll of blinking {unknown}
 q - a scroll of random uselessness {unknown}
 r - 3 scrolls of remove curse {unknown}
 y - 3 scrolls of enchant weapon {unknown}
 z - a scroll of amnesia {unknown}
Potions
 d - a potion of might
 l - 2 potions of curing {unknown}
 t - a potion of flight {unknown}
 w - a potion of heal wounds {unknown}
 A - a potion of ambrosia {unknown}
Comestibles
 f - 2 bread rations
 j - 7 fruits
 m - a meat ration
 n - a beef jerky

Dungeon Overview and Level Annotations

Branches:
Dungeon (3/15)

Altars:
Pakellas

Annotations:
D:3 Crazy Yiuf


Message History

You open the door.
Crazy Yiuf the Enlightened comes into view.
He is wielding a quarterstaff of chaos.
Crazy Yiuf shouts!
Found a mace.
Crazy Yiuf is nearby!
Crazy Yiuf drinks a potion.
Crazy Yiuf seems to speed up.
There is an open door here.
You block Crazy Yiuf's attack.
Crazy Yiuf hits you with a quarterstaff of chaos.
You hit Crazy Yiuf.
Crazy Yiuf is lightly wounded.
Crazy Yiuf hits you with a quarterstaff of chaos.
You are electrocuted!
You hit Crazy Yiuf.
Crazy Yiuf is moderately wounded.
Crazy Yiuf waves his quarterstaff at you.
Crazy Yiuf barely misses you. You block Crazy Yiuf's attack.
You closely miss Crazy Yiuf.
Crazy Yiuf is moderately wounded.
Crazy Yiuf barely misses you.
You slash Crazy Yiuf!
Crazy Yiuf is severely wounded.
Crazy Yiuf hits you but does no damage.
You are electrocuted!
Crazy Yiuf hits you with a quarterstaff of chaos.
You are poisoned.
You are too injured to fight recklessly!
You are too injured to fight recklessly!
You are too injured to fight recklessly!
You are too injured to fight recklessly!
You are too injured to fight recklessly!
You are too injured to fight recklessly!
You are too injured to fight recklessly!
You are too injured to fight recklessly!
You are too injured to fight recklessly!
You are too injured to fight recklessly!
You are too injured to fight recklessly!
You are too injured to fight recklessly!
You are too injured to fight recklessly!
You are too injured to fight recklessly!
You are too injured to fight recklessly!
You are too injured to fight recklessly!
Your chain mail prevents you from hitting Crazy Yiuf.
Crazy Yiuf is severely wounded.
You feel sick. Crazy Yiuf hits you but does no damage.
Your stasis keeps you stable.
Crazy Yiuf hits you but does no damage.
You hit Crazy Yiuf.
Crazy Yiuf is almost dead.
You feel sick.
Crazy Yiuf hits you with a quarterstaff of chaos.
You die...

#####.....##.......#.
...........#.......#...
#.#####.#.......#.#...#
##### ###########..%#..
#####...# #.####.
####.....#.# #######.##
## .....#####.#
########.#....%.#
...######..#
#...##..#.......# ...#
#.....#
#.g@'.####......#
...###.#..## #)..###
##....## .........##
##### ####.###
.....##### #...##
.....####### #.#..##
....###....#### ##
######.##<..
....##........##
#.##.##..####..
....#...)......#
#.#.....## #..
....#..........#
#.#.#...#####>.


You could see Crazy Yiuf.

Action                   |  1- 3 |  4- 6 || total
-------------------------+-------+-------++-------
Melee: Long sword        |    83 |   176 ||   259
 Abil: Dig               |       |     1 ||     1
  Eat: Chunk             |       |     6 ||     6
Armor: Scale mail        |    35 |    41 ||    76
       Chain mail        |       |    28 ||    28
Dodge: Dodged            |    21 |    56 ||    77
Block: Shield            |    40 |   100 ||   140

Notes
Turn   | Place    | Note
--------------------------------------------------------------
     0 | D:1      | Duffy the Formicid Fighter began the quest for the Orb.
     0 | D:1      | Reached XP level 1. HP: 18/18 MP: 1/1
   132 | D:1      | Reached XP level 2. HP: 24/24 MP: 2/2
   135 | D:1      | Reached skill level 4 in Shields
   478 | D:1      | Reached XP level 3. HP: 29/29 MP: 3/3
   713 | D:2      | Reached skill level 3 in Long Blades
   784 | D:2      | Reached XP level 4. HP: 28/35 MP: 4/4
  1113 | D:2      | Reached skill level 5 in Shields
  1293 | D:2      | Found an oddly glowing altar of Pakellas.
  1293 | D:2      | Noticed a deep elf knight
  1301 | D:2      | Killed a deep elf knight
  1684 | D:3      | Noticed Sigmund
  1702 | D:3      | Killed Sigmund
  1702 | D:3      | Reached skill level 4 in Long Blades
  1702 | D:3      | Reached skill level 6 in Shields
  1702 | D:3      | Reached XP level 5. HP: 12/41 MP: 5/5
  1702 | D:3      | Reached XP level 6. HP: 14/47 MP: 6/6
  2504 | D:3      | Noticed Crazy Yiuf
  2512 | D:3      | Slain by Crazy Yiuf

Skill      XL: |  1  2  3  4 |
---------------+-------------+-----
Shields        | 4 6 |  6.4
Long Blades    | 3 4 |  4.8
Fighting       | |  3.2
Armour         | |  3.2

Vault maps used:
D:1:      dpeg_arrival_ternary, minmay_crystal_water
D:2:      gammafunk_pakellas_spire_experiment
D:3:      uniq_crazy_yiuf_cottage, uniq_sigmund

Vanquished Creatures
  A deep elf knight Sigmund
  A hound
  4 adders
  2 oozes
  2 worms
  A dart slug
  3 ball pythons
  5 giant cockroaches
  10 goblins
  8 hobgoblins
  10 jackals
  7 kobolds
  5 quokkas
  7 bats
  5 giant newts
  6 rats
78 creatures vanquished.
